 Dungeon Crawl Stone Soup version 0.29-a0-993-g4a18f31a58 (webtiles) character file.

Game seed: 1902747454614213543

616 kae the Conjurer (level 7, 0/36 HPs)
             Began as a Tengu Fire Elementalist on Aug 2, 2022.
             Was an Initiate of Vehumet.
             Slain by a killer bee (2 damage)
             ... on level 5 of the Dungeon.
             The game lasted 00:03:45 (5636 turns).

kae the Conjurer (Tengu Fire Elementalist)          Turns: 5636, Time: 00:03:45

Health: 0/36       AC:  2    Str:  8    XL:     7   Next: 45%
Magic:  4/13       EV: 14    Int: 17    God:    Vehumet [......]
Gold:   142        SH:  0    Dex: 15    Spells: 3/13 levels left

rFire   . . .      SeeInvis .   (no weapon)
rCold   . . .      Faith    .   (no shield)
rNeg    . . .      Spirit   .   a - +0 robe
rPois   .          Reflect  .   (helmet restricted)
rElec   .          Harm     .   (no cloak)
rCorr   .          Rampage  .   (no gloves)
Will    .....                   (boots unavailable)
Stlth   ++........              (no amulet)
HPRegen 0.12/turn               Y - +4 ring of slaying
MPRegen 0.13/turn               (no ring)

@: lethally poisoned (0 -> -17), flying quickly and evasively, quick
A: beak, talons 3, nimble flight
a: Renounce Religion


You were on level 5 of the Dungeon.
You worshipped Vehumet.
Vehumet was noncommittal.
You visited 2 branches of the dungeon, and saw 6 of its levels.

You collected 142 gold pieces.


Innate Abilities, Weirdness & Mutations

You have a beak for a mouth.
You have claws for feet.
Your magical nature lets you fly swiftly and evasively.


   Skills:
 - Level 2.1 Dodging
 - Level 2.0 Stealth
 + Level 3.6 Spellcasting
 * Level 6.4 Conjurations
 * Level 6.4 Fire Magic


You had 3 spell levels left.
You knew the following spells:

 Your Spells              Type           Power      Damage    Failure   Level
a - Foxfire               Conj/Fire      96%        2x1d8     1%          1
b - Scorch                Fire           48%        2d7       1%          2
c - Conjure Flame         Conj/Fire      24%        6-21      3%          3
d - Inner Flame           Hex/Fire       14%        N/A       13%         3
e - Slow                  Hex            12%        N/A       16%         1

Your spell library contained the following spells:

 Spells                   Type           Power      Damage    Failure   Level
 Sublimation of Blood     Necr           3%         N/A       24%         2
 Wereblood                Tmut           3%         N/A       24%         2
 Confusing Touch          Hex            3%         N/A       43%         3
 Vampiric Draining        Necr           3%         2d6       43%         3
 Flame Wave               Conj/Fire      24%        2d8       12%         4
 Summon Hydra             Summ           1%         N/A       100%        7

Inventory:

Missiles
 c - 42 stones
 d - 2 atropa-tipped darts
 i - 5 poisoned darts
Armour
 a - a +0 robe (worn)
Magical Staves
 f - a staff of air {!a}
   (You found it on level 2 of the Dungeon)
Jewellery
 L - a ring of flight
   (You found it on level 3 of the Dungeon)
 Y - a +4 ring of slaying (left hand)
   (You found it on level 2 of the Dungeon)
Wands
 k - a wand of polymorph (6)
   (You took it off Natasha on level 2 of the Dungeon)
Scrolls
 e - 2 scrolls of fear
 n - a scroll of identify {@r1}
 p - 2 scrolls of blinking {!r}
Potions
 b - a potion of magic
 g - a potion of mutation {!q}
 h - 3 potions of curing {@q1}
 j - a potion of lignification {!q}
 l - a potion of degeneration {unknown}
 m - a potion of flight {unknown}

Dungeon Overview and Level Annotations

Branches:
Dungeon (5/15) Zot: 24640  Temple (1/1) D:4 Zot: 5896

Altars:
Cheibriados
Dithmenos
Elyvilon
Gozag
Hepliaklqana
Makhleb
Nemelex Xobeh
Okawaru
Ru
Sif Muna
Vehumet
Wu Jian
Yredelemnul

Annotations:
D:2 1 runed translucent door, Crazy Yiuf

....... ...
....... ...
....... ....
.o... .....
.yยฐ.###.....
#yyยฐ#......
#.yy.....O.
#.@.......
#.ยง##.....
#### ... .


You could see an ogre (wandering), 5 killer bees and an orc.


Message History

The phantom is engulfed in blazing flames.
Flame seeps out of the phantom. ๐Ÿ˜Ž MP[-1]
You lost 1 mp, and now have 12/13 mp.
A phantom is nearby!
Casting: Foxfire (safe; 1% risk of failure)
Confirm with . or Enter, or press ? or * to list all spells.
Flames lash the phantom.
Flame seeps out of the phantom.
The phantom's fire resistance burns away.
You hear an angry buzzing noise. x2
The phantom is engulfed in blazing flames.
Vehumet accepts your kill.
The phantom explodes!
You hear an angry buzzing noise. x2; You hear a bark!
A killer bee comes into view. x2 ๐Ÿ˜Ž MP[-2]
You lost 2 mp, and now have 10/13 mp.
Casting: Scorch (safe; 1% risk of failure)
Confirm with . or Enter, or press ? or * to list all spells.
You conjure some foxfire!
The killer bee buzzes angrily.
You hear a shout!
A killer bee comes into view. x2
The foxfire hits the killer bee.
The foxfire hits the killer bee! ๐Ÿ˜Ž MP[-1]
You lost 1 mp, and now have 9/13 mp.
Casting: Foxfire (safe; 1% risk of failure)
Confirm with . or Enter, or press ? or * to list all spells.
You conjure some foxfire!
A killer bee comes into view.
The foxfire hits the killer bee.
The foxfire hits the killer bee but does no damage.
Casting: Foxfire (safe; 1% risk of failure)
Confirm with . or Enter, or press ? or * to list all spells.
The spell is quite dangerous to miscast (14% risk of failure)!
Continue anyway? [Y]es or [N]o only, please.
The spell is quite dangerous to miscast (14% risk of failure)!
Continue anyway? [Y]es or [N]o only, please.
The spell is quite dangerous to miscast (14% risk of failure)!
Continue anyway?
Okay, then.
Casting: Inner Flame (quite dangerous; 14% risk of failure)
Confirm with . or Enter, or press ? or * to list all spells.
The spell is quite dangerous to miscast (14% risk of failure)!
Continue anyway? [Y]es or [N]o only, please.
The spell is quite dangerous to miscast (14% risk of failure)!
Continue anyway?
Aiming: Inner Flame (quite dangerous; 14% risk of failure)
Press: ? - help, Dir - move target, f - killer bee
Aim: a killer bee (moderately wounded, chance to affect: 73%)
The killer bee is filled with an inner flame.
An orc comes into view. It is wielding a +0 flail. ๐Ÿ˜Ž MP[-3]
You lost 3 mp, and now have 6/13 mp.
Casting: Inner Flame (quite dangerous; 14% risk of failure)
Confirm with . or Enter, or press ? or * to list all spells.
You conjure some foxfire!
The orc shouts!
A killer bee comes into view.
The foxfire hits the killer bee but does no damage. x2 ๐Ÿ˜Ž MP[-1]
You lost 1 mp, and now have 5/13 mp.
Casting: Foxfire (safe; 1% risk of failure)
Confirm with . or Enter, or press ? or * to list all spells.
You conjure some foxfire!
The killer bee buzzes angrily.
The killer bee stings you.
You are poisoned.
The killer bee poisons you!
You feel very sick.
The foxfire hits the killer bee.
The foxfire hits the killer bee!
The killer bee stings you!
You are more poisoned.
The killer bee poisons you!
The killer bee misses you. ๐Ÿ˜ฎ HP[-16] MP[-1]
You take 16 damage, and now have 20/36 hp.
MASSIVE DAMAGE!! (PAUSE)
You lost 1 mp, and now have 4/13 mp.
Casting: Foxfire (safe; 1% risk of failure)
Confirm with . or Enter, or press ? or * to list all spells.
You conjure some foxfire!
* * * LOW HITPOINT WARNING * * *
You feel very sick. The killer bee completely misses you.
The killer bee misses you.
* * * LOW HITPOINT WARNING * * *
You feel very sick.
The foxfire hits the killer bee but does no damage.
The foxfire hits the killer bee.
You kill the killer bee!
Vehumet accepts your kill.
An ogre comes into view. It is wielding a +0 giant club.
The killer bee stings you.
* * * LOW HITPOINT WARNING * * *
You are more poisoned.
The killer bee poisons you! ๐Ÿ˜ฑ HP[-13]
You take 13 damage, and now have 7/36 hp.
MASSIVE DAMAGE!! (PAUSE)
* * * LOW HITPOINT WARNING * * *
You feel very sick. The killer bee completely misses you.
The killer bee closely misses you. The killer bee stings you.
You die...

Skill      XL: |  1  2  3  4  5  6  7 |
---------------+----------------------+-----
Conjurations   | 2 3 4 5 6 |  6.4
Fire Magic     | 4 5 6 |  6.4
Spellcasting   | 3 |  3.6
Dodging        | |  2.1
Stealth        | |  2.0

Action                   |  1- 3 |  4- 6 |  7- 9 || total
-------------------------+-------+-------+-------++-------
Melee: Unarmed           |    21 |     6 |       ||    27
       Kick              |     6 |     2 |       ||     8
       Peck              |     4 |       |       ||     4
 Cast: Foxfire           |    71 |   116 |     7 ||   194
       Scorch            |     6 |    27 |     5 ||    38
       Inner Flame       |       |       |     1 ||     1
  Use: Scroll            |     3 |     4 |     2 ||     9
Armor: Robe              |    11 |     1 |       ||    12
Dodge: Dodged            |    24 |    29 |     6 ||    59

Levels and vault maps discovered:
D:1:      dpeg_arrival_ratfight, layout_basic
D:2:      layout_basic, hex_large, st_stairs_13, uniq_natasha,
          uniq_crazy_yiuf_cottage
D:3:      layout_loops_ring
D:4:      layout_basic, bloody_makhleb, minmay_temple_entry_enclosed_plants
D:5:      layout_cave_pools, ashenzari_altar_1, minmay_misc_feat_roman
Temple:   hc_temple_tempest_star

Notes
Turn   | Place    | Note
-------+----------+-------------------------------------------
     0 | D:1      | kae the Tengu Fire Elementalist began the quest for the
                  | Orb.
     0 | D:1      | Reached XP level 1. HP: 10/10 MP: 4/4
     0 | D:1      | magus.rc [v1.11.3]
    14 | D:1      | HP: 1/10 [frozen (4)]
   245 | D:1      | Reached skill level 2 in Conjurations
   245 | D:1      | Reached XP level 2. HP: 12/15 MP: 4/6
   327 | D:1      | Learned a level 2 spell: Scorch
   510 | D:1      | Reached XP level 3. HP: 11/19 MP: 2/7
   523 | D:1      | HP: 4/19 [jackal (1)]
   539 | D:1      | HP: 3/19 [jackal (2)]
   835 | D:1      | Reached skill level 4 in Fire Magic
  1104 | D:1      | Reached skill level 3 in Conjurations
  1664 | D:2      | Reached XP level 4. HP: 14/24 MP: 1/8
  1986 | D:2      | Learned a level 3 spell: Conjure Flame
  2331 | D:2      | Noticed Natasha
  2339 | D:2      | Killed Natasha
  2340 | D:2      | Reached skill level 4 in Conjurations
  2340 | D:2      | Gained mutation: Your magical nature lets you fly swiftly
                  | and evasively. [Tengu growth]
  2340 | D:2      | Reached XP level 5. HP: 28/28 MP: 4/10
  2485 | D:2      | Learned a level 3 spell: Inner Flame
  2546 | D:2      | Noticed Natasha
  2550 | D:2      | Killed Natasha
  2779 | D:2      | Found a runed translucent door.
  2780 | D:2      | Noticed Crazy Yiuf
  2841 | D:2      | Noticed Natasha
  2853 | D:2      | Killed Natasha
  2854 | D:2      | Reached skill level 5 in Fire Magic
  3444 | D:3      | You pick up a book of Debilitation and begin reading...
  3444 | D:3      | You add the spells Slow, Vampiric Draining and Confusing
                  | Touch to your library.
  3682 | D:3      | Reached skill level 3 in Spellcasting
  4117 | D:4      | Reached XP level 6. HP: 17/32 MP: 6/11
  4269 | D:4      | Reached skill level 5 in Conjurations
  4272 | D:4      | HP: 8/32 [poisoned by an adder]
  4693 | D:4      | Found a burning altar of Makhleb.
  5081 | D:4      | Learned a level 1 spell: Slow
  5282 | D:4      | Reached skill level 6 in Fire Magic
  5282 | D:4      | Reached XP level 7. HP: 32/36 MP: 5/13
  5327 | D:4      | You pick up a book of Blood and begin reading...
  5327 | D:4      | You add the spells Sublimation of Blood, Wereblood and
                  | Summon Hydra to your library.
  5356 | D:4      | Reached skill level 6 in Conjurations
  5431 | D:4      | Found a staircase to the Ecumenical Temple.
  5437 | Temple   | Entered the Ecumenical Temple
  5544 | Temple   | Became a worshipper of Vehumet
  5618 | D:5      | Entered Level 5 of the Dungeon
  5635 | D:5      | HP: 7/36 [killer bee (6)]
  5636 | D:5      | HP: 2/36 [poisoned by a killer bee]
  5636 | D:5      | Slain by a killer bee

Vanquished Creatures
  A phantom (D:5)
  2 necrophages (D:4)
  A killer bee (D:5)
  A howler monkey (D:4)
  A hound (D:4)
  An orc priest (D:4)
  An iguana (D:4)
  Natasha (thrice) (D:2)
  7 adders
  2 worms
  3 dart slugs
  4 orcs
  11 ball pythons
  5 bats
  4 endoplasms
  7 giant cockroaches
  5 goblins
  10 hobgoblins
  8 jackals
  7 kobolds
  7 quokkas
  2 frilled lizards
  10 rats
103 creatures vanquished.

Vanquished Creatures (others)
  290 foxfires
290 creatures vanquished.

Grand Total: 393 creatures vanquished

Table legend:
 A = Non-vault XP
 B = Vault XP
 C = Vault XP percentage of total XP
 D = Non-vault monster count
 E = Vault monster count
 F = Vault count percentage of total count
                 A         B        C        D         E       F
            +---------+---------+-------+---------+---------+-------
      Total |     827 |      54 |   6.1 |      96 |       7 |   6.8
            +---------+---------+-------+---------+---------+-------
        D:1 |      69 |       5 |   6.8 |      37 |       5 |  11.9
        D:2 |     142 |      49 |  25.7 |      22 |       2 |   8.3
        D:3 |      53 |       0 |   0.0 |      19 |       0 |   0.0
        D:4 |     389 |       0 |   0.0 |      16 |       0 |   0.0
        D:5 |     174 |       0 |   0.0 |       2 |       0 |   0.0
            +---------+---------+-------+---------+---------+-------

Illustrated notes

Table legend:
 A = Kills in this place as a percentage of kills in entire the game.
 B = Kills by you in this place as a percentage of kills by you in the entire game.
 C = Kills by friends in this place as a percentage of kills by friends in the entire game.
 D = Other kills in this place as a percentage of other kills in the entire game.
 E = Experience gained in this place as a percentage of experience gained in the entire game.
 F = Experience gained in this place divided by the number of levels of this place that you have seen.
                   A       B       C       D       E      F
               +-------+-------+-------+-------+-------+----------------------
         Total | 100.0 | 100.0 |   N/A |   N/A | 100.0 | 146.8
       Dungeon | 100.0 | 100.0 |   N/A |   N/A | 100.0 | 176.2
               +-------+-------+-------+-------+-------+----------------------

Table legend: (Time is in decaauts)
 A = Elapsed time spent in this place.
 B = Non-inter-level travel time spent in this place.
 C = Inter-level travel time spent in this place.
 D = Time resting spent in this place.
 E = Time spent auto-exploring this place.
 F = Levels seen in this place.
 G = Mean time per level.
                   A        B        C        D        E       F      G
               +--------+--------+--------+--------+--------+-----+--------+
         Total |   5462 |   5254 |    208 |    236 |   4325 |   6 |  910.3 |
       Dungeon |   5358 |   5176 |    182 |    236 |   4257 |   5 | 1071.6 |
        Temple |    103 |     77 |     26 |      0 |     68 |   1 |  103.0 |
               +--------+--------+--------+--------+--------+-----+--------+

Top non-repeatable levels by time:
     D:1: 1605 daAuts
     D:3: 1392 daAuts
     D:2: 1391 daAuts
     D:4: 952 daAuts
  Temple: 103 daAuts
     D:5: 17 daAuts
